 Dungeon Crawl Stone Soup version 0.31.0-32-g396128a36d (webtiles) character file.

Game seed: 745036010814501915

1308 SirLogeyBear the Cleaver (level 8, 0/78 HPs)
             Began as a Hill Orc Berserker on Apr 7, 2024.
             Was a Believer of Trog.
             Incinerated by a bombardier beetle (8 damage)
             ... with a burning spray
             ... on level 5 of the Dungeon.
             The game lasted 00:07:48 (3137 turns).

SirLogeyBear the Cleaver (Hill Orc Berserker)       Turns: 3137, Time: 00:07:49

Health: 0/78       AC: 16    Str: 22    XL:     8   Next: 58%
Magic:  0/8        EV:  7    Int:  5    God:    Trog [**....]
Gold:   169        SH:  0    Dex: 10    Spells: 7/7 levels left

rFire   . . .        a - +0 hand axe
rCold   . . .        (no shield)
rNeg    . . .        e - +0 plate armour
rPois   .            (helmet restricted)
rElec   .            (no cloak)
rCorr   .            d - +2 pair of gloves
SInv    .            (no boots)
Will    ++...        j - amulet of guardian spirit Stlth
                     (no ring)
HPRegen 1.33/turn    (no ring)
MPRegen 0.11/turn

%: guardian spirit
@: on fire, strong-willed (expiring), on berserk cooldown, regenerating
(expiring), slowed, glowing, very slow
A: horns 1, dopey 1, robust 1
a: Renounce Religion, Berserk, Trog's Hand


You were on level 5 of the Dungeon.
You worshipped Trog.
Trog was pleased with you.
You visited 1 branch of the dungeon, and saw 5 of its levels.

You collected 169 gold pieces.

Inventory:

Hand Weapons
 a - a +0 hand axe (weapon)
Missiles
 c - 15 poisoned darts (quivered)
Armour
 d - a +2 pair of gloves (worn)
 e - a +0 plate armour (worn)
Jewellery
 j - an amulet of guardian spirit (around neck)
Scrolls
 f - a scroll of acquirement {unknown}
 g - 2 scrolls of enchant weapon
 h - a scroll of teleportation {unknown}
 i - 2 scrolls of fog
 l - a scroll of silence {unknown}
 o - a scroll of vulnerability {unknown}
 r - a scroll of noise {unknown}
Potions
 n - a potion of mutation
 q - a potion of lignification


   Skills:
 + Level 6.4 Fighting
 + Level 9.5 Axes
 + Level 6.7 Armour
 + Level 2.3 Dodging
 + Level 0.4 Stealth


You had 7 spell levels left.
You didn't know any spells.
Your spell library was empty.

Dungeon Overview and Level Annotations

Branches:
Dungeon (5/15)
 Temple: D:4-7

Altars:
Okawaru
Sif Muna
Uskayaw


Innate Abilities, Weirdness & Mutations

You have a pair of small horns on your head.
You are dopey. (Int -2)
You are robust. (+10% HP)


Message History

The arrow hits you.
* * * LOW HITPOINT WARNING * * *
Found a stone staircase leading up.
You feel a strong urge to attack something.
The centaur shoots an arrow.
The arrow hits you!
* * * LOW HITPOINT WARNING * * *
The centaur shoots an arrow.
The arrow barely misses you.
You slash the bombardier beetle!
The bombardier beetle is almost dead.
You are no longer berserk.
You are exhausted.
You feel yourself slow down.
The centaur shoots an arrow.
The arrow hits you but does no damage.
You are too injured to fight recklessly!
Unknown command.
You hit the bombardier beetle but do no damage.
The bombardier beetle is almost dead.
You feel the effects of Trog's Hand fading.
The centaur shoots an arrow.
The arrow barely misses you.
The bombardier beetle barely misses you.
You are too injured to fight recklessly!
Unknown command.
You completely miss the bombardier beetle.
Your headbutt misses the bombardier beetle.
The bombardier beetle is almost dead.
The centaur shoots an arrow.
The arrow completely misses you.
The centaur shoots an arrow.
The arrow barely misses you.
The bombardier beetle sprays incendiary fluid at you.
The burning spray hits you.
You are covered in liquid fire!
You slash the bombardier beetle!
You kill the bombardier beetle!
Trog accepts your kill. The liquid fire burns you!
* * * LOW HITPOINT WARNING * * *
The centaur shoots an arrow.
The arrow hits you but does no damage.
The centaur shoots an arrow.
The arrow barely misses you.
You shake off some of the fire as you move.
The liquid fire burns you!
You die...

#.# #......#
...##......# # #
...........#'#..
...........#...
.............
...........#
.......†...########
........@..........
.<.....#..c.......##
....................
....................
.........)).........
.......>.).........)
....................
#..........><....#.
...............#...


You could see a centaur.

Vanquished Creatures
  Pikel (D:5)
  An ogre (D:4)
  2 lemures (D:5)
  A phantom (D:4)
  4 killer bees (D:5)
  2 bombardier beetles (D:5)
  A howler monkey (D:5)
  A jelly (D:5)
  3 hounds (D:5)
  An orc priest (D:3)
  2 orc wizards
  8 adders
  4 dart slugs
  3 ribbon worms
  4 orcs
  10 ball pythons
  8 bats
  4 endoplasms
  3 giant cockroaches
  10 goblins
  5 hobgoblins
  3 kobolds
  5 quokkas
  7 rats
93 creatures vanquished.

Vanquished Creatures (others)
  An orc wizard (D:3)
1 creature vanquished.

Grand Total: 94 creatures vanquished

Notes
Turn   | Place    | Note
-------+----------+-------------------------------------------
     0 | D:1      | SirLogeyBear the Hill Orc Berserker began the quest for the
                  | Orb.
     0 | D:1      | Reached XP level 1. HP: 19/19 MP: 1/1
   305 | D:1      | Reached XP level 2. HP: 26/27 MP: 2/2
   727 | D:1      | Reached XP level 3. HP: 33/33 MP: 3/3
   896 | D:2      | Reached ** piety under Trog
  1102 | D:2      | Reached XP level 4. HP: 41/41 MP: 4/4
  1115 | D:2      | Reached skill level 5 in Axes
  1672 | D:3      | Found a hide-covered altar of Uskayaw.
  1749 | D:3      | Reached XP level 5. HP: 34/47 MP: 3/5
  1762 | D:3      | Reached skill level 5 in Fighting
  2102 | D:3      | Found a faded altar of an unknown god.
  2313 | D:4      | Noticed an ogre
  2324 | D:4      | Killed an ogre
  2325 | D:4      | Reached XP level 6. HP: 56/56 MP: 4/6
  2446 | D:4      | Reached skill level 6 in Axes
  2527 | D:4      | Found a shimmering blue altar of Sif Muna.
  2661 | D:4      | Found an iron altar of Okawaru.
  3000 | D:5      | Entered Level 5 of the Dungeon
  3001 | D:5      | Noticed Pikel
  3017 | D:5      | Killed Pikel
  3018 | D:5      | Reached skill level 8 in Axes
  3018 | D:5      | Reached skill level 5 in Armour
  3018 | D:5      | Reached XP level 7. HP: 58/64 MP: 4/7
  3018 | D:5      | Reached XP level 8. HP: 64/71 MP: 4/8
  3027 | D:5      | Reached skill level 9 in Axes
  3035 | D:5      | HP: 5/106 [poisoned by a killer bee]
  3038 | D:5      | Gained mutation: You have a pair of small horns on your
                  | head. [potion of mutation]
  3038 | D:5      | Gained mutation: You are robust. (+10% HP) [potion of
                  | mutation]
  3038 | D:5      | Gained mutation: You are dopey. (Int -2) [potion of
                  | mutation]
  3038 | D:5      | HP: 1/78 [poisoned by a killer bee]
  3137 | D:5      | Incinerated by a bombardier beetle

Illustrated notes

Levels and vault maps discovered:
D:1:      dpeg_arrival_castle, layout_basic, dreamdust_princess_corridor,
          minmay_misc_feat_alley
D:2:      layout_basic, chequers_serial_rivers_room_b
D:3:      layout_rooms, nicolae_overflow_crystal_walls,
          ebering_ecumenical_altar_webs
D:4:      layout_loops_ring, okawaru_ov_weapons_minmay,
          mainiacjoe_overflow_concentric_impassable
D:5:      minmay_razor_zed, layout_cave_pools, tso_oasis_becter,
          makhleb_heckhound_becter, uniq_pikel

Skill      XL: |  1  2  3  4  5  6  7  8 |
---------------+-------------------------+-----
Fighting       | 4 5 6 |  6.4
Axes           | 5 8 9 |  9.5
Dodging        | 2 |  2.3
Armour         | 3 4 5 6 |  6.7
Stealth        | |  0.4

Action                     |  1- 3 |  4- 6 |  7- 9 || total
---------------------------+-------+-------+-------++-------
  Melee: Hand axe          |   109 |   180 |    25 ||   314
         Punch             |       |     3 |       ||     3
         Headbutt          |       |       |     2 ||     2
 Invoke: Berserk           |       |     2 |     1 ||     3
         Trog's Hand       |       |     2 |     1 ||     3
    Use: Scroll            |     2 |     3 |       ||     5
         Potion            |       |       |     5 ||     5
   Stab: Sleeping          |     1 |       |       ||     1
 Armour: Animal skin       |    16 |       |       ||    16
         Leather armour    |     1 |       |       ||     1
         Plate armour      |    77 |   195 |    54 ||   326
         Skin              |       |       |    45 ||    45
  Dodge: Dodged            |    42 |    76 |    24 ||   142
